Cogmind - Beta 9.4 @@@ ROGUE MODE // 2020.03.05 @ 22:56:46 Player: fastidiots Result: Destroyed by G-47 Trooper with Particle Gun Performance ------------- Evolutions (0) 0 Regions Visited (1) 200 Robots Destroyed (12) 60 Value Destroyed (225) 225 Prototype IDs (2) 40 Alien Tech Used (0) 0 Bonus (0) 0 TOTAL SCORE: 525 Bonus ------- None Cogmind --------- Core Integrity 0/250 Matter 164/300 Energy 125/125 System Corruption 1% Temperature Cool (9) Movement Treading (160) Location -10/Materials Parts ------- > --- POWER (1) -------- Light Ion Engine > --- PROPULSION (2) --- Light Treads Compact Wheel > --- UTILITY (2) ------ Improved Heat Sink Medium Storage Unit > --- WEAPON (2) ------- Assault Rifle Plasma Cutter > --- INVENTORY (8) ---- Light Treads Compact Wheel Medium Storage Unit Large Battery (300) High-capacity Matter Pod (104) Grenade Launcher Peak State ------------ > --- POWER ------------ Light Ion Engine > --- PROPULSION ------- Light Treads Compact Wheel > --- UTILITY ---------- Improved Heat Sink Medium Storage Unit > --- WEAPON ----------- Plasma Cutter Plasma Cutter > --- INVENTORY -------- Light Ion Engine Light Treads Compact Wheel Medium Storage Unit Large Battery High-capacity Matter Pod Assault Rifle Grenade Launcher [Rating: 11] Favorites ----------- Power Light Ion Engine Engine Light Ion Engine Propulsion Light Treads Treads Light Treads Wheel Compact Wheel Utility Small Storage Unit Device Improved Heat Sink Storage Small Storage Unit Weapon Light Assault Rifle Energy Gun Small Laser Energy Cannon Beam Cannon Ballistic Gun Light Assault Rifle Launcher Grenade Launcher Special Weapon Plasma Cutter Build | -11 -10 ------- Run | Scr Mat Slots Evolved . | . . Power . | . . Propulsion . | . . Utility . | . . Weapon . | . . Parts Attached 32 | 7 25 Power 4 | 1 3 Engine 4 | 1 3 Core . | . . Reactor . | . . Propulsion 5 | 2 3 Treads 3 | 1 2 Leg . | . . Wheel 2 | 1 1 Hover . | . . Flight . | . . Utility 6 | 2 4 Device 2 | . 2 Storage 4 | 2 2 Processor . | . . Hackware . | . . Protection . | . . Artifact . | . . Weapon 17 | 2 15 Energy Gun 3 | . 3 Energy Cannon 2 | . 2 Ballistic Gun 6 | 2 4 Ballistic Cannon . | . . Launcher 2 | . 2 Special Weapon 4 | . 4 Impact Weapon . | . . Slashing Weapon . | . . Piercing Weapon . | . . Special Melee Weapon . | . . Unidentified Prototypes . | . . Parts Lost 10 | . 10 Power 2 | . 2 Propulsion 2 | . 2 Utility . | . . Weapon 6 | . 6 Highest Loss Streak 6 | . 6 Average Slot Usage (%) 98 | . 98 Engine 13 | . 13 Treads 13 | . 13 Wheel 13 | . 13 Device 9 | . 9 Storage 18 | . 18 Energy Gun 8 | . 8 Energy Cannon 2 | . 2 Ballistic Gun 12 | . 12 Launcher 1 | . 1 Special Weapon 2 | . 2 Naked Turns . | . . Heaviest Build 16 | 14 16 Greatest Support 20 | 20 20 Greatest Overweight (x) 3 | 1 3 Average Overweight (x) . | . . Largest Inventory Capacity 8 | 8 8 Average Capacity 6 | 6 7 Most Carried 8 | 6 8 Average Carried 5 | 3 6 Final Capacity 8 | 8 8 Final Carried 6 | 6 6 Class Distribution -------------------- 71% | Mutant 28% | Scavenger-Mutant Dominant Class ---------------- Mutant | -10/Materials Resources | -11 -10 ----------- Run | Scr Mat Matter Collected 584 | 290 294 Remotely . | . . Salvage Created 412 | 57 355 Parts 28 | 3 25 Haulers Intercepted 1 | . 1 Recyclers Shooed . | . . Parts Field Recycled . | . . Retrieved Matter . | . . Parts Self-Destructed . | . . Prevented . | . . Kills | -11 -10 ------- Run | Scr Mat Combat Hostiles Destroyed 7 | . 7 Guns 5 | . 5 AOE 2 | . 2 Classes Destroyed 5 | 1 4 Hauler 1 | . 1 Recycler 2 | 1 1 Watcher 2 | . 2 Swarmer 3 | . 3 Grunt 4 | . 4 Best Kill Streak 4 | 1 4 Combat Bots Only 2 | . 2 Max Kills in Single Turn 1 | 1 1 Gunslinging . | . . Exploded 1 | . 1 Melee . | . . Uniques/NPCs Destroyed . | . . Combat | -11 -10 -------- Run | Scr Mat Damage Taken 1316 | . 1316 Core 263 | . 263 Absorbed by Shields . | . . Core Remaining (%) 100 | 100 . Volleys Fired 61 | 5 56 Largest 2 | 2 2 Hottest 80 | 40 80 Shots Fired 106 | 10 96 Gun 74 | 10 64 Cannon 19 | . 19 Launcher 2 | . 2 Special 11 | . 11 Kinetic 58 | 10 48 Thermal 46 | . 46 Explosive 2 | . 2 Electromagnetic . | . . Robot Hit Streak 5 | 5 5 Robot Miss Streak 3 | 1 3 Penetration Max . | . . Secondary Targets . | . . Shots Hit Robots 64 | 8 56 Core Hits 24 | 3 21 Critical Hits 1 | . 1 Critical Kills . | . . Critical Parts Destroyed 1 | . 1 Melee Attacks . | . . Impact . | . . Slashing . | . . Piercing . | . . Sneak Attacks . | . . Combat Hostiles . | . . Follow-up Attacks . | . . Damage Inflicted 926 | 78 848 Guns 507 | 78 429 Cannons 174 | . 174 Explosions 154 | . 154 Melee . | . . Ramming . | . . Kinetic 388 | 78 310 Thermal 384 | . 384 Explosive 154 | . 154 Electromagnetic . | . . Impact . | . . Slashing . | . . Piercing . | . . Highest Corruption 1 | . 1 Average Corruption 1 | . 1 Corruption Purged . | . . Effects 1 | . 1 Targeting Errors 1 | . 1 Overload Shots . | . . Overflow Damage 51 | . 51 Projectiles . | . . Explosions 51 | . 51 Melee . | . . Knockbacks . | . . Impact . | . . Kinetic . | . . Secondary . | . . Self-Inflicted Damage 78 | . 78 Shots 2 | . 2 Rammed . | . . Targets Rammed . | . . Kicked . | . . Crushed . | . . Highest Temperature 483 | . 483 Average Temperature 199 | . 199 Received Heat Transfer 639 | . 639 Effects 6 | . 6 Shutdowns 2 | . 2 Energy Bleed 2 | . 2 Interference 2 | . 2 Siege Activations . | . . Robots Corrupted . | . . Combat Hostiles . | . . Parts Fried . | . . Impact Corruptions . | . . Robots Melted . | . . Combat Hostiles . | . . Parts Melted 1 | . 1 Heat Transferred 941 | . 941 Parts Sabotaged . | . . Parts Stolen . | . . Parts Stripped . | . . Power Chain Reactions . | . . Missiles Intercepted . | . . Alert | -11 -10 ------- Run | Scr Mat Peak Influence 156 | 5 156 Average Influence 52 | 2 62 Maximum Alert Level . | . . Low Security (%) 100 | 100 100 Level 1 . | . . Level 2 . | . . Level 3 . | . . Level 4 . | . . Level 5 . | . . High Security . | . . Max Security . | . . Squads Dispatched . | . . Investigation . | . . Extermination . | . . Reinforcement . | . . Assault . | . . Garrison . | . . Intercept . | . . Construction Impeded . | . . Haulers Reinforced . | . . Stealth | -11 -10 --------- Run | Scr Mat Distress Signals . | . . Communications Jammed . | . . Distress Signals . | . . Times Spotted 11 | . 11 Peak Tracking Total 4 | . 4 Tactical Retreats 1 | . 1 Traps | -11 -10 ------- Run | Scr Mat Traps Triggered 1 | . 1 Indirectly . | . . Trap Hack Attempts . | . . Triggered . | . . Disarmed . | . . Reprogrammed . | . . Reused . | . . Traps Extracted . | . . Installed . | . . Triggered . | . . Machines | -11 -10 ---------- Run | Scr Mat Machines Disabled 1 | . 1 Max in Single Turn 1 | . 1 Machines Sabotaged . | . . Garrisons Compromised . | . . Overloaded Fab Kills . | . . Fab Network Shutdowns . | . . Hacking | -11 -10 --------- Run | Scr Mat Machines Accessed 5 | . 5 Terminals 5 | . 5 Fabricators . | . . Repair Stations . | . . Recycling Units . | . . Scanalyzers . | . . Garrison Access . | . . Total Hacks 12 | . 12 Successful 4 | . 4 Failed 8 | . 8 Catastrophic 1 | . 1 Database Lockouts . | . . Manual 2 | . 2 Terminals 12 | . 12 Fabricators . | . . Repair Stations . | . . Recycling Units . | . . Scanalyzers . | . . Garrison Access . | . . Terminal Hacks 3 | . 3 Prototype ID Bank 1 | . 1 Locate Traps 2 | . 2 Fabricator Hacks . | . . Repair Station Hacks . | . . Recycling Unit Hacks . | . . Scanalyzer . | . . Garrison Access Hacks . | . . Unauthorized Hacks 2 | . 2 Terminals 1 | . 1 Botnet 1 | . 1 Fabricators . | . . Repair Stations . | . . Recycling Units . | . . Scanalyzers . | . . Garrison Access . | . . Data Cores Recovered . | . . Used . | . . Hacking Detections 5 | . 5 Full Trace Events 1 | . 1 Feedback Events . | . . Feedback Blocked . | . . Robot Schematics Acquired . | . . Robots Built . | . . Matter . | . . Time . | . . Total Robot Build Rating . | . . Part Schematics Acquired . | . . Parts Built . | . . Matter . | . . Time . | . . Total Part Build Rating . | . . Parts Repaired . | . . Time . | . . Parts Recycled . | . . Recycled Matter . | . . Retrieved Matter . | . . Retrieved Components . | . . Parts Scanalyzed . | . . Part Schematics Acquired . | . . Parts Damaged . | . . Bothacking | -11 -10 ------------ Run | Scr Mat Used RIF Installer . | . . Robots Hacked . | . . Non-combat . | . . Combat . | . . Robot Hacks Applied . | . . Relay Couplers Released . | . . Robots Rewired . | . . Allies Hacked . | . . Hacks Repelled . | . . Allies | -11 -10 -------- Run | Scr Mat Total Allies . | . . Largest Group . | . . Highest-Rated Group . | . . Highest-Rated Ally . | . . Total Orders . | . . Ally Attacks . | . . Total Damage . | . . Kills . | . . Allies Corrupted . | . . Allies Melted . | . . Intel | -11 -10 ------- Run | Scr Mat Robot Analysis Total . | . . Derelict Logs Recovered . | . . Drone Launches . | . . Drone Recoveries . | . . Exploration | -11 -10 ------------- Run | Scr Mat Turns Passed 643 | 108 535 Spaces Moved 356 | 65 291 Core 5 | 1 4 Treads 44 | 23 21 Legs . | . . Wheels 307 | 41 266 Hover . | . . Flight . | . . Fastest Speed 50 | 50 90 Average Speed 104 | 108 103 Slowest Speed 200 | 160 200 Overloaded Moves . | . . Propulsion Burnouts . | . . Robots Hopped . | . . Cave-ins Triggered . | . . Exploration Rate (%) 29 | 4 54 Regions Visited 1 Branch Regions . Pre-discovered Areas . | . . Known Exits Taken . | . . Unknown Exits Taken 1 | 1 . Scrap Searched . | . . Spaces Dug . | . . Terrain Destroyed 7 | . 7 Melee . | . . Projectile . | . . AOE 7 | . 7 Actions | -11 -10 --------- Run | Scr Mat Total 512 | 90 422 Wait 40 | 8 32 Move 355 | 64 291 Hop . | . . Pick Up 12 | 6 6 Fast Attach 15 | 7 8 Attach 8 | . 8 Detach 3 | . 3 Swap 9 | . 9 Drop 9 | . 9 Fire 61 | 5 56 Melee . | . . Ram . | . . Kick . | . . Crush . | . . Escape Stasis . | . . Rewire . | . . Trap . | . . Miscellaneous . | . . Route ------- -11/Scrapyard -10/Materials (discovered 2 exits: [*Mat] / [*Min]) History --------- Turn | Location | Event 2 | -11/Scrapyard | Met Revision 17 19 | -11/Scrapyard | Discovered new exit (range 14) 109 | -11/Scrapyard | Entered Materials 166 | -10/Materials | Discovered new exit (range 7) 240 | -10/Materials | Core integrity fell below 50% 276 | -10/Materials | Lost 6 parts (1p2n3w) 358 | -10/Materials | Discovered new exit (range 13) 610 | -10/Materials | Core integrity fell below 20% 644 | -10/Materials | Destroyed by G-47 Trooper with Particle Gun Last Messages --------------- 00486_ Acquired 88 matter. 00502_ Dropped Lgt. Assault Rifle. 00506_ Connecting with Terminal... 00512_ Dropped Sml. Storage Unit. 00520_ Acquired Med. Storage Unit. 00545_ Acquired Lrg. Battery. 00573_ Dropped Sml. Laser. 00574_ Acquired Plasma Cutter. 00577_ Dropped Sml. Laser. 00578_ Acquired Plasma Cutter. 00596_ Lgt. Ion Engine destroyed. 00600_ Plasma Cutter destroyed. 00607_ Acquired Plasma Cutter. 00608_ G-47 Trooper suffers critical hit. 00608_ Destroyed Imp. Heat Sink. 00615_ U-05 Engineer lays Concrete. 00618_ G-47 Trooper overheating. 00629_ Plasma Cutter destroyed. 00632_ Acquired Plasma Cutter. 00641_ G-34 Mercenary destroyed. Map ----- +----------------------------------------------------+ | ????????????????????????????????????# #????? | | ??????????????????????????? ?????? +????? | | ??????????????????????????# ?????? #????? | | ??????????????????????????# ??????? #????? | | ??????????????????????????# ???????# #?????? | | ??????????????????????????# ???????????????? | | ??????????????????????????? ???????????????? | | ??????????????????????????? ???????????????? | | ??????????????????????????? #??????????????? | | ??????????????????????????? #??????????????? | | ???????????????????????????? #??????????????? | | ???????????????????????????? #??????????????? | | ???????????????????????????? +??????????????? | | ???????????????????????????? #??????????????? | | ????????????????????######### #??????????????? | | ????????????????????# # #??????????##### | | ?????????? ######## # ############ | | ?????????? | | ?????????# [ T | | ?????????? | | ??????????????#######g ##########+### | | ????????????????????#=! #?????# ####+# | | ????????????????#####%[######?????# # | | ????????????????# =[*#??????????# # ! ! | | ????????????????#!![[[ #??????????# # !!! | | ????????????????#!![[@ #??????????# # !!! | | ????????????????########??????????# # | | ??????????????????????????????????# # "" | | ??????????????????????????????????####### "" | | ????????????????????????????????????????# "" | | ????????????????????????????????????????# | | ????????????????????????????????????????###### | | ?????????????????????????????????????????????? | | | | | | | | | | | | | | | | | | | | | | | | | | | | | | | | | | | +----------------------------------------------------+ Best States ------------- Heat Dissipation 39 Energy Generation 10 Energy Capacity 125 Matter Stores 300 Matter Capacity 300 Sight Range 16 Terrain Scan Density 10 Evasion (%) 44 Recoil Reduction 1 Item Schematics ----------------- None Robot Schematics ------------------ None Fabricated ------------ Nothing Alien Tech Used ----------------- None Achievements -------------- None Challenges ------------ None Game ------ Seed ImpactHellfireRecalibrator Manual? 0 Play Time 00:12:48 Cumulative 28.8 hours Start 2020.03.05 @ 22:44:21 End 2020.03.05 @ 22:56:46 Sessions 1 Manual Loads 0 Difficulty Rogue Special Mode None Game No. 27 Rogue 27 Adventurer 0 Explorer 0 Win Type - Total 0 Types 0/0/0/0/0/0/0 Lore% 29 Gallery% 33 Achievement% 26 Wizard Run 0 Options --------- ASCII 0 Keyboard 1 Movement Vi Keybinds 0 Fullscreen 2 Font 18/SmallcapsGlow Map View 76x50 Tactical HUD 1 Map Filters NONE Filters NONE Steam 1 RUN: 4dfb8e47-8a07-4289-8cfc-c27ea911636d